BSA
IRVINE GANG GREEN @ KALAMAZOO ROYALE WITH CHEESE
08/13/2027
 
TOP OF THE 1ST
Irvine Gang Green batting - Pitching for Kalamazoo Royale with Cheese : LHP Lorenzo Sánchez
Pitching: LHP Lorenzo Sánchez
Batting: RHB José Salazar 0-0: Called Strike
0-1: Ground out 5-3 (Groundball, 56)
Batting: RHB Buck Jones 0-0: Ball
1-0: SINGLE (Groundball, 56S) (infield hit)
Batting: RHB Eichiro Yamamoto 0-0: Ball
1-0: Ball
2-0: Called Strike
2-1: Swinging Strike
2-2: SINGLE (Flyball, 7S)
Buck Jones to second
Batting: LHB Jorge Martínez 0-0: Swinging Strike
0-1: Ball
1-1: Called Strike
1-2: Foul Ball, location: 2F
1-2: Foul Ball, location: 2F
1-2: Grounds into double play, 4-6-3 (Groundball, 4)
Top of the 1st over - 0 run(s), 2 hit(s), 0 error(s), 1 left on base; Irvine 0 - Kalamazoo 0
BOTTOM OF THE 1ST
Kalamazoo Royale with Cheese batting - Pitching for Irvine Gang Green : LHP Masutaro Koyama
Pitching: LHP Masutaro Koyama
Batting: RHB Pedro Rosado 0-0: Ball
1-0: Called Strike
1-1: Foul Ball, location: 2F
1-2: Ball
2-2: Ball
3-2: Base on Balls
Batting: RHB Oliver Lugo 0-0: Called Strike
0-1: Called Strike
0-2: Ground out 5-3 (Groundball, 56S)
Pedro Rosado to second
Batting: RHB Miguel Encarnación 0-0: Swinging Strike
0-1: Ball
1-1: Swinging Strike
1-2: Ball
2-2: Strikes out swinging, 2-3 out at first.
Batting: LHB Robinson Fernández 0-0: Swinging Strike
0-1: Called Strike
0-2: Ball
1-2: Strikes out swinging
Bottom of the 1st over - 0 run(s), 0 hit(s), 0 error(s), 1 left on base; Irvine 0 - Kalamazoo 0
TOP OF THE 2ND
Irvine Gang Green batting - Pitching for Kalamazoo Royale with Cheese : LHP Lorenzo Sánchez
Batting: LHB Jesús Campos 0-0: Ball
1-0: Foul Ball, location: 2F
1-1: Ground out 6-3 (Groundball, 6)
Batting: RHB Tom Doherty 0-0: Called Strike
0-1: Foul Ball, location: 2F
0-2: Strikes out swinging
Batting: LHB Víctor Quiñones 0-0: Ball
1-0: Ball
2-0: Ground out 5-3 (Groundball, 56S)
Top of the 2nd over - 0 run(s), 0 hit(s), 0 error(s), 0 left on base; Irvine 0 - Kalamazoo 0
BOTTOM OF THE 2ND
Kalamazoo Royale with Cheese batting - Pitching for Irvine Gang Green : LHP Masutaro Koyama
Batting: RHB Jorge Márquez 0-0: Fly out, F9 (Flyball, 89M)
Batting: LHB Al Mills 0-0: Swinging Strike
0-1: Ball
1-1: Called Strike
1-2: Foul Ball, location: 2F
1-2: Foul Ball, location: 2F
1-2: Strikes out swinging
Batting: RHB Run-ming Zhu 0-0: Ball
1-0: Ball
2-0: Ball
3-0: Called Strike
3-1: Called Strike
3-2: Strikes out swinging
Bottom of the 2nd over - 0 run(s), 0 hit(s), 0 error(s), 0 left on base; Irvine 0 - Kalamazoo 0
TOP OF THE 3RD
Irvine Gang Green batting - Pitching for Kalamazoo Royale with Cheese : LHP Lorenzo Sánchez
Batting: RHB Ronnie Brown 0-0: Ball
1-0: Ball
2-0: Called Strike
2-1: DOUBLE (Line Drive, 89XD)
Batting: RHB Tyler Wagner 0-0: Swinging Strike
0-1: Ball
1-1: Swinging Strike
1-2: Foul Ball, location: 2F
1-2: Strikes out swinging
Batting: RHB José Salazar 0-0: Ball
1-0: Ball
2-0: Swinging Strike
2-1: SINGLE (Groundball, 56D)
Ronnie Brown to third
Runner from 3rd tries for Home, SAFE, throw made home
Batting: RHB Buck Jones 0-0: Swinging Strike
0-1: Fly out, F9 (Flyball, 9LS)
Batting: RHB Eichiro Yamamoto 0-0: Ball
1-0: Foul Ball, location: 2F
1-1: Fielders Choice at 2nd, 4-6 (Groundball, 4)
Top of the 3rd over - 1 run(s), 2 hit(s), 0 error(s), 0 left on base; Irvine 1 - Kalamazoo 0
BOTTOM OF THE 3RD
Kalamazoo Royale with Cheese batting - Pitching for Irvine Gang Green : LHP Masutaro Koyama
Batting: LHB António Glaviz 0-0: Foul Ball, location: 2F
0-1: Ball
1-1: Ball
2-1: Foul Ball, location: 2F
2-2: Foul Ball, location: 2F
2-2: Ground out 4-3 (Groundball, 4D)
Batting: SHB Bob Noble 0-0: Called Strike
0-1: Swinging Strike
0-2: Ball
1-2: Strikes out swinging
Batting: RHB Pedro Rosado 0-0: Foul Ball, location: 2F
0-1: Ball
1-1: Fly out, F8 (Flyball, 89M)
Bottom of the 3rd over - 0 run(s), 0 hit(s), 0 error(s), 0 left on base; Irvine 1 - Kalamazoo 0
TOP OF THE 4TH
Irvine Gang Green batting - Pitching for Kalamazoo Royale with Cheese : LHP Lorenzo Sánchez
Batting: LHB Jorge Martínez 0-0: Ball
1-0: Foul Ball, location: 2F
1-1: Ground out 5-3 (Groundball, 56)
Batting: LHB Jesús Campos 0-0: Swinging Strike
0-1: Foul Ball, location: 2F
0-2: Foul Ball, location: 2F
0-2: Ball
1-2: Foul Ball, location: 2F
1-2: Fly out, F9 (Flyball, 89M)
Batting: RHB Tom Doherty 0-0: Called Strike
0-1: Ground out U3 (Groundball, 3D)
Top of the 4th over - 0 run(s), 0 hit(s), 0 error(s), 0 left on base; Irvine 1 - Kalamazoo 0
BOTTOM OF THE 4TH
Kalamazoo Royale with Cheese batting - Pitching for Irvine Gang Green : LHP Masutaro Koyama
Batting: RHB Oliver Lugo 0-0: SOLO HOME RUN (Flyball, 7D), Distance : 390 ft
Batting: RHB Miguel Encarnación 0-0: Swinging Strike
0-1: Swinging Strike
0-2: Strikes out looking
Batting: LHB Robinson Fernández 0-0: Ball
1-0: Called Strike
1-1: Ball
2-1: Ball
3-1: Base on Balls
Batting: RHB Jorge Márquez 0-0: Called Strike
0-1: Ball
1-1: Foul Ball, location: 2F
1-2: Fly out, F7 (Flyball, 7)
Batting: LHB Al Mills 0-0: Called Strike
0-1: Foul Ball, location: 2F
0-2: Fielders Choice at 2nd, 6-4 (Groundball, 6)
Bottom of the 4th over - 1 run(s), 1 hit(s), 0 error(s), 0 left on base; Irvine 1 - Kalamazoo 1
TOP OF THE 5TH
Irvine Gang Green batting - Pitching for Kalamazoo Royale with Cheese : LHP Lorenzo Sánchez
Batting: LHB Víctor Quiñones 0-0: Ball
1-0: Called Strike
1-1: Ground out 4-3 (Groundball, 4)
Batting: RHB Ronnie Brown 0-0: Reached on error, E4 (Groundball, 4)
Batting: RHB Tyler Wagner 0-0: Called Strike
0-1: Ball
1-1: Ball
2-1: Ground out U3 (Groundball, 3S)
Ronnie Brown to second
Batting: RHB José Salazar 0-0: Called Strike
0-1: Swinging Strike
0-2: Foul Ball, location: 2F
0-2: Ball
1-2: Fly out, F5 (Line Drive, 5S)
Top of the 5th over - 0 run(s), 0 hit(s), 1 error(s), 1 left on base; Irvine 1 - Kalamazoo 1
BOTTOM OF THE 5TH
Kalamazoo Royale with Cheese batting - Pitching for Irvine Gang Green : LHP Masutaro Koyama
Batting: RHB Run-ming Zhu 0-0: Swinging Strike
0-1: Called Strike
0-2: Foul Ball, location: 2F
0-2: Ball
1-2: Foul Ball, location: 2F
1-2: Foul Ball, location: 2F
1-2: Ball
2-2: Strikes out swinging
Batting: LHB António Glaviz 0-0: Ball
1-0: Ball
2-0: Ball
3-0: Called Strike
3-1: Base on Balls
Batting: SHB Bob Noble 0-0: Swinging Strike
0-1: Ball
1-1: Foul Ball, location: 2F
1-2: SINGLE (Line Drive, 8LS)
António Glaviz to second
Batting: RHB Pedro Rosado 0-0: Fly out, F9 (Flyball, 9LM)
Batting: RHB Oliver Lugo 0-0: Ball
1-0: Swinging Strike
1-1: SINGLE (Groundball, 5S) (infield hit)
António Glaviz to third
Bob Noble to second
Batting: RHB Miguel Encarnación 0-0: Ball
1-0: Swinging Strike
1-1: Ball
2-1: Foul Ball, location: 2F
2-2: Strikes out swinging
Bottom of the 5th over - 0 run(s), 2 hit(s), 0 error(s), 3 left on base; Irvine 1 - Kalamazoo 1
TOP OF THE 6TH
Irvine Gang Green batting - Pitching for Kalamazoo Royale with Cheese : LHP Lorenzo Sánchez
Batting: RHB Buck Jones 0-0: Called Strike
0-1: Swinging Strike
0-2: Ball
1-2: Ball
2-2: Foul Ball, location: 2F
2-2: Ground out 6-3 (Groundball, 6)
Batting: RHB Eichiro Yamamoto 0-0: Called Strike
0-1: Fly out, F4 (Popup, 34)
Batting: LHB Jorge Martínez 0-0: Called Strike
0-1: Foul Ball, location: 2F
0-2: Ball
1-2: Foul Ball, location: 2F
1-2: Ball
2-2: Ball
3-2: Strikes out swinging
Top of the 6th over - 0 run(s), 0 hit(s), 0 error(s), 0 left on base; Irvine 1 - Kalamazoo 1
BOTTOM OF THE 6TH
Kalamazoo Royale with Cheese batting - Pitching for Irvine Gang Green : LHP Masutaro Koyama
Batting: LHB Robinson Fernández 0-0: Called Strike
0-1: Ball
1-1: Swinging Strike
1-2: Strikes out swinging, 2-3 out at first.
Batting: RHB Jorge Márquez 0-0: Ball
1-0: Ball
2-0: SINGLE (Groundball, 56D)
Batting: LHB Al Mills 0-0: SINGLE (Groundball, 56D)
Jorge Márquez to second
Batting: RHB Run-ming Zhu 0-0: Ball
1-0: Ground out 5-3 (Groundball, 56S)
Jorge Márquez to third
Al Mills to second
Batting: LHB António Glaviz 0-0: Ball
1-0: Called Strike
1-1: Fly out, F8 (Flyball, 8RM)
Bottom of the 6th over - 0 run(s), 2 hit(s), 0 error(s), 2 left on base; Irvine 1 - Kalamazoo 1
TOP OF THE 7TH
Irvine Gang Green batting - Pitching for Kalamazoo Royale with Cheese : LHP Lorenzo Sánchez
Batting: LHB Jesús Campos 0-0: Called Strike
0-1: Called Strike
0-2: Ball
1-2: Ball
2-2: Foul Ball, location: 2F
2-2: Ground out U3 (Groundball, 3)
Batting: RHB Tom Doherty 0-0: Ball
1-0: Ball
2-0: Called Strike
2-1: Ball
3-1: Ground out 6-3 (Groundball, 6MS)
Batting: LHB Víctor Quiñones 0-0: Foul Ball, location: 2F
0-1: Foul Ball, location: 2F
0-2: Fly out, F4 (Popup, 3D)
Top of the 7th over - 0 run(s), 0 hit(s), 0 error(s), 0 left on base; Irvine 1 - Kalamazoo 1
BOTTOM OF THE 7TH
Kalamazoo Royale with Cheese batting - Pitching for Irvine Gang Green : LHP Masutaro Koyama
Pinch Hitting: LHB Roberto Sandoval 0-0: Ball
1-0: Fly out, F8 (Flyball, 8LM)
Batting: RHB Pedro Rosado 0-0: Ball
1-0: Called Strike
1-1: Ball
2-1: Ball
3-1: SINGLE (Line Drive, 56)
Batting: RHB Oliver Lugo 0-0: Grounds into double play, 4-6-3 (Groundball, 4)
Bottom of the 7th over - 0 run(s), 1 hit(s), 0 error(s), 0 left on base; Irvine 1 - Kalamazoo 1
TOP OF THE 8TH
Irvine Gang Green batting - Pitching for Kalamazoo Royale with Cheese : LHP Lorenzo Sánchez
Pitching: RHP António Ojeda
Now at 3B: Roberto Sandoval
Pinch Hitting: LHB José Sánchez 0-0: Ball
1-0: Called Strike
1-1: Ball
2-1: Ball
3-1: Foul Ball, location: 2F
3-2: Base on Balls
Batting: RHB Tyler Wagner 0-0: Ball
1-0: Ball
2-0: Swinging Strike
José Sánchez is caught stealing 2nd base
2-1: Ball
3-1: Base on Balls
Batting: RHB José Salazar 0-0: Called Strike
0-1: Swinging Strike
0-2: Ball
1-2: Foul Ball, location: 2F
1-2: Grounds into double play, 5-4-3 (Groundball, 56)
Top of the 8th over - 0 run(s), 0 hit(s), 0 error(s), 0 left on base; Irvine 1 - Kalamazoo 1
BOTTOM OF THE 8TH
Kalamazoo Royale with Cheese batting - Pitching for Irvine Gang Green : LHP Masutaro Koyama
Now at 2B: José Sánchez
Batting: RHB Miguel Encarnación 0-0: Ball
1-0: Swinging Strike
1-1: Called Strike
1-2: Ball
2-2: Strikes out swinging
Batting: LHB Robinson Fernández 0-0: Ground out 6-3 (Groundball, 6S)
Batting: RHB Jorge Márquez 0-0: Ball
1-0: Fly out, F9 (Flyball, 9LM)
Bottom of the 8th over - 0 run(s), 0 hit(s), 0 error(s), 0 left on base; Irvine 1 - Kalamazoo 1
TOP OF THE 9TH
Irvine Gang Green batting - Pitching for Kalamazoo Royale with Cheese : RHP António Ojeda
Pitching: RHP Eric Richards
Batting: RHB Buck Jones 0-0: Foul Ball, location: 2F
0-1: Ball
1-1: Ball
2-1: Swinging Strike
2-2: Strikes out swinging
Batting: RHB Eichiro Yamamoto 0-0: Ground out 4-3 (Groundball, 4M)
Batting: LHB Jorge Martínez 0-0: Called Strike
0-1: Ball
1-1: Called Strike
1-2: Ball
2-2: Strikes out looking
Top of the 9th over - 0 run(s), 0 hit(s), 0 error(s), 0 left on base; Irvine 1 - Kalamazoo 1
BOTTOM OF THE 9TH
Kalamazoo Royale with Cheese batting - Pitching for Irvine Gang Green : LHP Masutaro Koyama
Pitching: LHP Santiago González
Pinch Hitting: RHB Alfredo Cortéz 0-0: Ground out U3 (Groundball, 3)
Batting: RHB Run-ming Zhu 0-0: Hit by Pitch
Batting: LHB António Glaviz 0-0: Foul Ball, location: 2F
0-1: Swinging Strike
0-2: Ball
1-2: Ball
2-2: Strikes out swinging
Batting: LHB Roberto Sandoval 0-0: Ball
1-0: Swinging Strike
1-1: Called Strike
1-2: Strikes out swinging
Bottom of the 9th over - 0 run(s), 0 hit(s), 0 error(s), 1 left on base; Irvine 1 - Kalamazoo 1
TOP OF THE 10TH
Irvine Gang Green batting - Pitching for Kalamazoo Royale with Cheese : RHP Eric Richards
Now in CF: William Ruffo
Batting: LHB Jesús Campos 0-0: Foul Ball, location: 2F
0-1: Ball
1-1: DOUBLE (Flyball, 9LM)
Batting: RHB Tom Doherty 0-0: Ball
Balk!
Jesús Campos to third
1-0: Fly out, F9 (Flyball, 9LS)
Batting: LHB Víctor Quiñones 0-0: Intentional Walk
Batting: LHB José Sánchez 0-0: Foul Ball, location: 2F
0-1: Ball
1-1: Swinging Strike
1-2: Ball
2-2: Fly out, F8 (Line Drive, 8RD)
Runner from 3rd tags up, SCORES, no throw
Pinch Hitting: LHB Bill Murphy 0-0: Swinging Strike
0-1: Ball
1-1: Foul Ball, location: 2F
1-2: Ball
2-2: Foul Ball, location: 2F
2-2: Strikes out swinging
Top of the 10th over - 1 run(s), 1 hit(s), 0 error(s), 1 left on base; Irvine 2 - Kalamazoo 1
BOTTOM OF THE 10TH
Kalamazoo Royale with Cheese batting - Pitching for Irvine Gang Green : LHP Santiago González
Pitching: RHP Mike Fisher
Now in CF: Bill Murphy
Pinch Hitting: LHB Bill McJannett 0-0: Ball
1-0: Called Strike
1-1: Fly out, F9 (Flyball, 9LD)
Batting: RHB Oliver Lugo 0-0: Called Strike
0-1: Swinging Strike
0-2: Ball
1-2: Ball
2-2: Strikes out swinging
Batting: RHB Miguel Encarnación 0-0: Ball
1-0: Swinging Strike
1-1: Foul Ball, location: 2F
1-2: SINGLE (Groundball, 56D)
Batting: LHB Robinson Fernández 0-0: Foul Ball, location: 2F
0-1: Ball
1-1: Ball
2-1: SINGLE (Flyball, 5D)
Miguel Encarnación to second
Batting: RHB Jorge Márquez 0-0: Foul Ball, location: 2F
0-1: Called Strike
0-2: Ball
1-2: Ball
2-2: Strikes out swinging
Bottom of the 10th over - 0 run(s), 2 hit(s), 0 error(s), 2 left on base; Irvine 2 - Kalamazoo 1
Thursday, March 30th, 2017 - OOTP Baseball 17.12 Build 75